 Dungeon Crawl Stone Soup version 0.18-a0-1718-g40ea4b6 (webtiles) character file.

80042 ololoev the Earth Mage (level 15, -7/88 HPs)
             Began as a Gargoyle Earth Elementalist on Apr 8, 2016.
             Was a High Priest of Vehumet.
             Hit by a large rock thrown by a stone giant (41 damage)
             ... on level 1 of the Depths.
             The game lasted 02:40:36 (26555 turns).

ololoev the Earth Mage (GrEE)                      Turns: 26555, Time: 02:40:36

Health: -7/88      AC: 27    Str: 16    XL:     15   Next: 65%
Magic:  49/49      EV: 12    Int: 23    God:    Vehumet [*****.]
Gold:   362        SH:  6    Dex: 10    Spells: 7 memorised, 12 levels left

rFire  + + .     SeeInvis +     a - staff of earth
rCold  + + .     Gourm    +     u - +2 ring mail {rF+}
rNeg   + . .     Faith    .     s - +2 buckler of Pantheism {MR+ SInv}
rPois  ∞         Spirit   .     (helmet restricted)
rElec  +         Dismiss  .     n - +1 cloak
rCorr  .         Reflect  .     e - +1 pair of gloves
SustAt .         Harm     .     w - +1 pair of boots
MR     +++..                    Q - amulet "Week" {Gourm rC+ Str+3}
Stlth  +.........               S - ring of the Shining One's Envy {rPois rC+ MP+9 Slay+5}
                                x - ring of Lady Luck {+Inv MR+ MP+9}

@: flying, very slightly contaminated, hasted, very quick, extremely resistant
to hostile enchantments, very unstealthy
A: antennae 1, big wings, clever 1, fire resistance 1, negative energy
resistance 1, electricity resistance, unbreathing, petrification resistance, rot
immunity, AC +11
a: Stop Flying, Renounce Religion, Evoke Invisibility


Innate Abilities, Weirdness & Mutations

You are resistant to torment.
Your stone body is resilient (AC +11).
You are immune to poison.
Your large and strong wings let you fly indefinitely.
You resist negative energy.
You are resistant to electric shocks.
You can survive without breathing.
You are immune to petrification.
You are immune to rotting.
You have a pair of small antennae on your head.
Your mind is acute. (Int +2)
Your flesh is heat resistant.

Inventory:

Armour
 e - a +1 pair of gloves (worn)
 n - a +1 cloak (worn)
 s - the +2 buckler of Pantheism (worn) {MR+ SInv}
   (You took it off Norris on level 1 of the Depths)

   It affects your resistance to hostile enchantments.
   It lets you see invisible.
 u - a +2 ring mail of fire resistance (worn)
 w - a +1 pair of boots (worn)
Magical Staves
 a - an uncursed staff of earth (weapon)
 b - an uncursed staff of wizardry
Jewellery
 x - the ring of Lady Luck (left hand) {+Inv MR+ MP+9}
   (You bought it in a shop on level 9 of the Dungeon)

   [ring of magical power]

   It affects your resistance to hostile enchantments.
   It affects your magic capacity (+9).
   It lets you turn invisible.
 G - an uncursed amulet of regeneration
 Q - the amulet "Week" (around neck) {Gourm rC+ Str+3}
   (You found it in a labyrinth)

   [amulet of the gourmand]

   It allows you to eat raw meat even when not hungry.
   It affects your strength (+3).
   It protects you from cold.
 S - the ring of the Shining One's Envy (right hand) {rPois rC+ MP+9 Slay+5}
   (You found it in a labyrinth)

   [ring of magical power]

   It affects your accuracy and damage with ranged weapons and melee attacks
   (+5).
   It protects you from cold.
   It protects you from poison.
   It affects your magic capacity (+9).
Wands
 v - a wand of teleportation (5/9)
 y - a wand of heal wounds (5/9)
 C - a wand of hasting (6/9)
Scrolls
 c - a scroll of immolation
 j - 2 scrolls of blinking
 p - a scroll of recharging
 q - 6 scrolls of remove curse
 r - 11 scrolls of amnesia
 F - 3 scrolls of teleportation
Potions
 g - 2 potions of cure mutation
 h - a potion of heal wounds
 l - 2 potions of ambrosia
 m - 2 potions of cancellation
 o - 3 potions of brilliance
 t - a potion of resistance
 z - 5 potions of might
 I - 5 potions of curing
 M - 2 potions of agility
Comestibles
 d - 15 bread rations
 f - 7 meat rations
 i - 2 royal jellies
 k - 12 fruits


   Skills:
 - Level 7.9 Fighting
 + Level 8.3 Armour
 + Level 4.1 Dodging
 - Level 2.1 Stealth
 * Level 3.1 Shields
 + Level 12.6 Spellcasting
 - Level 15.3 Conjurations
   Level 0.7 Transmutations
 * Level 17.0 Earth Magic


You had 12 spell levels left.
You knew the following spells:

 Your Spells              Type           Power        Failure   Level  Hunger
a - Sandblast             Erth           ######       0%          1    None
b - Stone Arrow           Conj/Erth      ######       1%          3    None
c - Lee's Rapid Deconstr  Erth           #######...   1%          5    ###....
d - Regeneration          Chrm/Necr      ##........   28%         3    None
e - Animate Skeleton      Necr           N/A          10%         1    None
f - Iskenderun's Battles  Conj/Chrm      #####...     3%          5    ###....
g - Shatter               Erth           #######...   96%         9    #######


You were on level 1 of the Depths.
You worshipped Vehumet.
Vehumet was extremely pleased with you.
You were not hungry.

You visited 3 branches of the dungeon, and saw 17 of its levels.
You also visited: Labyrinth.

You collected 1395 gold pieces.
You spent 1033 gold pieces at shops.

#>.#####..####..≈8#..######..####
#..# #..# #..≈≈#..# #..# #..#
#..# #...≈#..# #..# #..# #".#
###..#..# #..#### #..# #..#
####..# #...... #..# #..# #..#
#...... ...# #..# #..# #..####
...# #.C#########..######..#
#..#####........@.y..).......#
#..)÷.÷......................####
#.........####..####.............
#..#####÷.# #..# #.............
#..# #..# #..# #.........####
#..# #..# #..# #:..>.....# #..#
#..# #..# #.........# #..# #..#
#..# #.........# ...# #..# #..#
#.........#

Notes
Turn   | Place    | Note
--------------------------------------------------------------
     0 | D:1      | ololoev the Gargoyle Earth Elementalist began the quest for the Orb.
     0 | D:1      | Reached XP level 1. HP: 10/10 MP: 3/3
   102 | D:1      | Reached skill level 4 in Earth Magic
   189 | D:1      | Reached XP level 2. HP: 15/15 MP: 3/5
   678 | D:2      | Reached XP level 3. HP: 19/19 MP: 2/6
   764 | D:2      | Reached skill level 5 in Earth Magic
   772 | D:2      | Reached XP level 4. HP: 21/24 MP: 0/8
  1076 | D:2      | Found a faded altar to an unknown god.
  1094 | D:2      | Learned a level 3 spell: Stone Arrow
  1285 | D:2      | Reached XP level 5. HP: 24/28 MP: 9/9
  1687 | D:2      | Found an ancient bone altar of Kikubaaqudgha.
  1689 | D:2      | Reached skill level 1 in Conjurations
  1695 | D:2      | Reached skill level 6 in Earth Magic
  1695 | D:2      | Reached XP level 6. HP: 32/32 MP: 5/11
  2811 | D:3      | Found a shattered altar of Ashenzari.
  3592 | D:4      | Found Xosu's Distillery.
  3619 | D:4      | Reached XP level 7. HP: 24/36 MP: 4/13
  3629 | D:4      | Learned a level 5 spell: Lee's Rapid Deconstruction
  3718 | D:4      | Bought a potion of degeneration for 10 gold pieces
  3718 | D:4      | Bought a potion of lignification for 30 gold pieces
  3718 | D:4      | Bought a potion of might for 40 gold pieces
  3718 | D:4      | Bought a potion of magic for 80 gold pieces
  4649 | D:5      | Entered Level 5 of the Dungeon
  4772 | D:5      | Reached skill level 5 in Conjurations
  4772 | D:5      | Reached skill level 7 in Earth Magic
  5010 | D:5      | Found a shadowy altar of Dithmenos.
  5215 | D:5      | Reached XP level 8. HP: 41/41 MP: 1/15
  5385 | D:5      | Found a snail-covered altar of Cheibriados.
  5868 | D:5      | Reached skill level 5 in Spellcasting
  6030 | D:5      | Found a sacrificial altar of Ru.
  6292 | D:6      | Reached skill level 8 in Earth Magic
  6506 | D:6      | Learned a level 3 spell: Regeneration
  6594 | D:6      | Reached XP level 9. HP: 45/45 MP: 13/17
  6787 | D:6      | Found a burning altar of Makhleb.
  7091 | D:6      | Found a blossoming altar of Fedhas.
  7125 | D:6      | Noticed Dowan
  7128 | D:6      | Noticed Duvessa
  7139 | D:6      | Killed Dowan
  7356 | D:6      | Noticed a gargoyle
  7364 | D:6      | Killed a gargoyle
  7365 | D:6      | Killed Duvessa
  7458 | D:7      | Found a staircase to the Ecumenical Temple.
  7464 | Temple   | Entered the Ecumenical Temple
  7468 | Temple   | Became a worshipper of Vehumet
  7597 | D:6      | Reached skill level 9 in Earth Magic
  8475 | D:7      | Found a shadowy altar of Dithmenos.
  8828 | D:7      | Reached XP level 10. HP: 50/50 MP: 16/20
  8840 | D:7      | Found a white marble altar of Elyvilon.
  8851 | D:7      | Found a burning altar of Makhleb.
  8852 | D:7      | Reached skill level 10 in Conjurations
  9052 | D:8      | Reached * piety under Vehumet
  9052 | D:8      | Offered knowledge of Flame Tongue by Vehumet.
  9455 | D:8      | Found a staircase to the Lair.
  9476 | D:8      | Noticed a spiny frog
  9555 | D:8      | Killed a spiny frog
  9555 | D:8      | Reached skill level 10 in Earth Magic
 10708 | D:9      | Found Dazobox's Jewellery Emporium.
 11384 | D:9      | Found Gozag's Platinum Reserve.
 11411 | D:9      | Found an opulent altar of Gozag.
 11420 | D:9      | Offered knowledge of Throw Flame by Vehumet.
 11537 | D:9      | Reached ** piety under Vehumet
 11685 | D:10     | Entered Level 10 of the Dungeon
 11694 | D:10     | Noticed Sonja
 11696 | D:10     | Killed Sonja
 11696 | D:10     | Reached skill level 11 in Earth Magic
 11696 | D:10     | Reached XP level 11. HP: 54/54 MP: 12/23
 11916 | D:10     | Noticed Erica
 12019 | D:10     | Noticed Erolcha
 12083 | D:10     | Noticed Urug
 12087 | D:10     | Killed Urug
 12532 | D:6      | Learned a level 1 spell: Animate Skeleton
 12802 | D:10     | Found a staircase to the Orcish Mines.
 12851 | D:10     | Offered knowledge of Static Discharge by Vehumet.
 13039 | D:10     | Killed Erica
 13039 | D:10     | Reached skill level 12 in Earth Magic
 13082 | D:10     | Killed Erolcha
 13082 | D:10     | Reached *** piety under Vehumet
 13139 | D:10     | Found a basalt altar of Yredelemnul.
 13399 | D:10     | Noticed Joseph
 13413 | D:10     | Killed Joseph
 13697 | D:11     | Noticed a purple ugly thing
 13833 | D:11     | Noticed a hill giant
 13835 | D:11     | Found a large runed door.
 13835 | D:11     | Noticed a catoblepas
 13837 | D:11     | Found a large runed door.
 13840 | D:11     | Found a labyrinth entrance.
 13851 | D:11     | Killed a hill giant
 13851 | D:11     | Reached skill level 1 in Fighting
 13882 | D:11     | Killed a catoblepas
 13882 | D:11     | Reached skill level 1 in Armour
 13884 | Lab      | Entered a labyrinth
 14244 | Lab      | Noticed a minotaur
 14250 | Lab      | Killed a minotaur
 14255 | Lab      | Identified a +4 rod of clouds (5/11) (You took it off a minotaur in a labyrinth)
 14334 | Lab      | Got a glittering golden amulet
 14334 | Lab      | Got a faintly glowing wooden ring
 14336 | Lab      | Identified the amulet "Week" {Gourm rC+ Str+3} (You found it in a labyrinth)
 14339 | Lab      | Identified the ring of the Shining One's Envy {rPois rC+ MP+9 Slay+5} (You found it in a labyrinth)
 14354 | Lab      | Identified a +5 rod of inaccuracy (10/10) (You found it in a labyrinth)
 14386 | D:11     | Offered knowledge of Force Lance by Vehumet.
 14388 | D:11     | Reached XP level 12. HP: 32/62 MP: 25/25
 14940 | D:11     | Reached **** piety under Vehumet
 15083 | D:11     | Offered knowledge of Ignite Poison by Vehumet.
 15258 | D:11     | Noticed a yaktaur captain
 15269 | D:11     | Killed a yaktaur captain
 15269 | D:11     | Reached skill level 10 in Spellcasting
 15269 | D:11     | Reached skill level 13 in Earth Magic
 15275 | D:11     | Noticed a stone giant
 16039 | D:11     | Killed a stone giant
 16342 | D:11     | Gained mutation: Your mind is acute. (Int +2) [mutagenic meat]
 16343 | D:11     | Gained mutation: You have a pair of small antennae on your head. [mutagenic meat]
 16344 | D:11     | Gained mutation: Your flesh is heat resistant. [mutagenic meat]
 16680 | D:11     | Found a sparkling altar of Nemelex Xobeh.
 16683 | D:11     | Found a radiant altar of Vehumet.
 16734 | D:11     | Found a portal to a secret trove of treasure.
 17184 | D:12     | Reached XP level 13. HP: 71/71 MP: 25/27
 17412 | D:12     | Noticed Psyche
 17413 | D:12     | Killed Psyche
 17766 | D:12     | Reached skill level 14 in Earth Magic
 17797 | D:12     | Reached skill level 5 in Fighting
 17918 | D:12     | Reached skill level 5 in Armour
 17942 | D:12     | Reached ***** piety under Vehumet
 17985 | D:12     | Offered knowledge of Iskenderun's Battlesphere by Vehumet.
 18948 | D:9      | Bought the ring of Lady Luck {+Inv MR+ MP+9} for 633 gold pieces
 19785 | D:13     | Noticed Josephine
 20510 | D:13     | Learned a level 5 spell: Iskenderun's Battlesphere
 20521 | D:13     | Killed Josephine
 20687 | D:13     | Gained mutation: Your large and strong wings let you fly indefinitely. [Gargoyle growth]
 20687 | D:13     | Reached XP level 14. HP: 80/80 MP: 29/29
 20850 | D:13     | Found Weazxal's Food Boutique.
 21134 | D:14     | Noticed a salamander stormcaller
 21143 | D:14     | Killed a salamander stormcaller
 21143 | D:14     | Reached skill level 15 in Earth Magic
 21305 | D:14     | Found a sparkling altar of Nemelex Xobeh.
 21488 | D:14     | Found a gate to the Vaults.
 21491 | D:14     | Offered knowledge of Sticky Flame by Vehumet.
 21810 | D:14     | Reached skill level 15 in Conjurations
 22659 | D:15     | Entered Level 15 of the Dungeon
 22779 | D:15     | Noticed Kirke
 22782 | D:15     | Killed Kirke
 23160 | D:15     | Noticed Louise
 23169 | D:15     | Killed Louise
 23219 | D:15     | Reached skill level 16 in Earth Magic
 23286 | D:15     | Found Pieqaimm's Quality Used Wands.
 23305 | D:15     | Bought a wand of teleportation (0/9) for 240 gold pieces
 23777 | D:15     | Identified Sif Muna's Compendium of Aerial Shape Shifting
 24058 | D:15     | jacquesderrida: ХАЙ ЛИЛАЕВ
 24058 | D:15     | jacquesderrida: ЧЕ ТУТ У ТЕБЯ
 24058 | D:15     | jacquesderrida: Мемы есть???
 24058 | D:15     | ololoev: лол у тебя приступ ммов?
 24058 | D:15     | ololoev: *мемов7
 24058 | D:15     | jacquesderrida: Да
 24066 | D:15     | Reached XP level 15. HP: 88/88 MP: 31/31
 24143 | D:15     | jacquesderrida: Вдруг показалось, что слово мемы смешное
 24164 | D:15     | jacquesderrida: Надо бы отрабатывать
 24203 | D:15     | jacquesderrida: Пока не приестся...
 24213 | D:15     | jacquesderrida: Керосинум умер
 24213 | D:15     | jacquesderrida: В жизни
 24213 | D:15     | jacquesderrida: Сердце отказало...
 24213 | D:15     | jacquesderrida: Слишком смешной мем попался, смеялся пока не взорвался изнутри...
 24271 | D:15     | Found a staircase to the Depths.
 24352 | Depths:1 | Entered Level 1 of the Depths
 24418 | Depths:1 | Learned a level 9 spell: Shatter
 24834 | Depths:1 | Noticed Norris
 24848 | Depths:1 | Offered knowledge of Conjure Ball Lightning by Vehumet.
 24862 | Depths:1 | Killed Norris
 25230 | Depths:1 | Got an ichor-stained buckler
 25236 | Depths:1 | Identified the +2 buckler of Pantheism {MR+ SInv} (You took it off Norris on level 1 of the Depths)
 25348 | Depths:1 | Reached skill level 1 in Shields
 25479 | Depths:1 | xeno23: деррида
 25512 | Depths:1 | xeno23: какой твой любимый мем?
 25558 | Depths:1 | jacquesderrida: Деррида мой любимый мем
 26081 | Depths:1 | Found a gateway to Hell.
 26384 | Depths:1 | Reached skill level 17 in Earth Magic
 26555 | Depths:1 | Hit by a large rock thrown by a stone giant

Dungeon Overview and Level Annotations

Branches:
Dungeon (15/15)            Temple (1/1) D:7            Lair (0/8) D:8
    Orc (0/2) D:10         Vaults (0/5) D:14         Depths (1/5) D:15

Altars:
Ashenzari
Cheibriados
Dithmenos
Elyvilon
Fedhas
Gozag
Kikubaaqudgha
Makhleb
Nemelex Xobeh
Ru
Sif Muna
Vehumet
Yredelemnul
Zin
The Shining One

Shops:
D:4 !   D:9 *=   D:13 %   D:15 }

Portals:
Hell: Depths:1
Trove: D:11 (give +5 demon trident)


Message History

You block the spark wasp's attack.
Your battlesphere fires!
The barrage of energy hits the spark wasp.
The spark wasp is almost dead.
The spark wasp closely misses you.
Casting: Stone Arrow
Confirm with . or Enter, or press ? or * to list all spells.
Aiming: Stone Arrow
Press: ? - help, Shift-Dir - straight line, f/p - spark wasp
Aim: a spark wasp (almost dead)
You feel a surge of power!
The stone arrow hits the spark wasp.
You kill the spark wasp!
Vehumet accepts your kill.
You feel your power returning.
Your battlesphere fires!
Unknown command.
You see here a spark wasp corpse.
You start resting.
Your battlesphere wavers and loses cohesion.
You start resting.
Magic restored.
You start resting.
HP restored.
You see here a shapeshifter corpse.
There is a gateway to Hell here.
Things that are here:
a shortbow; 4 arrows
Things that are here:
an arbalest; 16 bolts of flame; an arrow
Things that are here:
a shortbow; 4 arrows A stone giant comes into view.
The stone giant shouts!
The stone giant throws a large rock.
The large rock hits you!
You see here a large rock.
Things that are here:
a shortbow; 4 arrows
Things that are here:
an arbalest; 16 bolts of flame; an arrow You see here 2 bolts of flame.
You see here an arrow.
You see here an arrow.
You start resting.
Casting: Stone Arrow
Confirm with . or Enter, or press ? or * to list all spells.
Aiming: Lee's Rapid Deconstruction
Press: ? - help, Dir - move target cursor You feel a surge of power!
The wall shatters!
The blast of rock fragments hits the stone giant.
The stone giant is moderately wounded.
The stone giant throws a large rock.
The large rock hits you!!!
Casting: Lee's Rapid Deconstruction
Confirm with . or Enter, or press ? or * to list all spells.
Aiming: Lee's Rapid Deconstruction
Press: ? - help, Dir - move target cursor
Okay, then.
A spark wasp comes into view.
The spark wasp buzzes angrily.
The spark wasp bursts into living lightning!
The living lightning hits you! You resist.
The spark wasp blinks!
The spark wasp bursts into living lightning!
The living lightning hits you! You resist.
The spark wasp blinks!
You block the spark wasp's attack.
The spark wasp stings you but does no damage.
The spark wasp stings you but does no damage.
The spark wasp stings you. The spark wasp shocks you. You resist.
The spark wasp stings you but does no damage.
Read which item? (? for menu, Esc to quit)
Okay, then.
Evoke which item? (* to show all) (? for menu, Esc to quit)
Zapping:
C - a wand of hasting (7/9)
Press: ? - help, Shift-Dir - straight line, f - you You feel yourself speed up.
You are very lightly contaminated with residual magic.
This wand has 6 charges left.
You block the spark wasp's attack.
The spark wasp stings you but does no damage.
A stone giant comes into view.
The stone giant shouts!
The stone giant throws a large rock.
The large rock hits you!!!
You die...

You could see a stone giant and a spark wasp.

Vanquished Creatures
  Norris (Depths:1)
  Kirke (D:15)
  Louise (D:15)
  A stone giant (D:11)
  A salamander stormcaller (D:14)
  A spark wasp (Depths:1)
  4 yaktaur captains
  An ettin (Depths:1)
  A fire dragon (Depths:1)
  Josephine (D:13)
  A minotaur (Lab)
  An entropy weaver (Depths:1)
  A rakshasa (D:14)
  8 vault guards (D:14)
  An ice dragon (Depths:1)
  A catoblepas (D:11)
  4 centaur warriors
  A hydra (D:12)
  Erolcha (D:10)
  A death knight (D:15)
  A deep troll shaman (Depths:1)
  Urug (D:10)
  A tengu warrior (Depths:1)
  Sonja (D:10)
  A shock serpent (shapeshifter) (Depths:1)
  A skeletal warrior (D:15)
  2 unseen horrors
  4 deep trolls (Depths:1)
  2 phantasmal warriors
  5 hill giants
  3 deep elf magi (D:12)
  4 salamanders (D:14)
  14 wizards (D:12)
  7 slime creatures
  A cyclops (shapeshifter) (D:15)
  9 ugly things
  A cyclops (D:11)
  A griffon (D:15)
  A manticore (D:12)
  Joseph (D:10)
  A guardian serpent (D:13)
  Psyche (D:12)
  A spiny frog (shapeshifter) (Depths:1)
  7 gargoyles
  A spiny frog (D:8)
  An efreet (D:11)
  A kobold demonologist (D:15)
  3 yaktaurs
  2 guardian mummies (D:11)
  7 trolls
  A tengu conjurer (Depths:1)
  A blink frog (D:8)
  A deep troll zombie (Depths:1)
  4 wraiths
  3 wyverns
  4 redbacks (Depths:1)
  A basilisk (D:11)
  17 yaks
  4 hungry ghosts
  4 hogs (D:15)
  2 hippogriffs (D:9)
  A steam dragon (shapeshifter) (D:14)
  8 vampire mosquitoes
  A mottled dragon (D:15)
  A soldier ant (D:13)
  Duvessa (D:6)
  A water moccasin (D:12)
  10 orc warriors
  7 ice beasts
  3 sky beasts
  A black bear (D:7)
  2 eyes of draining
  A wasp (D:10)
  2 necrophages
  2 phantoms
  13 ogres
  4 centaurs
  7 big kobolds
  16 giant frogs
  3 gnoll sergeants (D:10)
  Dowan (D:6)
  17 killer bees
  4 scorpions
  7 wights
  4 spriggan skeletons (D:9)
  8 electric eels (D:6)
  3 vampire bats (D:2)
  8 howler monkeys
  8 crimson imps
  A giant frog zombie (D:7)
  3 jellies
  3 centaur zombies
  A quasit (D:12)
  A giant frog skeleton (D:12)
  8 hounds
  11 orc priests
  5 centaur skeletons
  18 orc wizards
  7 worker ants
  3 iguanas
  A sheep (D:9)
  2 hound zombies
  6 gnolls
  17 adders
  5 shadow imps
  An ooze (D:3)
  2 adder zombies (D:2)
  5 adder skeletons
  4 worms
  2 dart slugs
  6 giant geckos
  58 orcs
  2 ball pythons (D:2)
  3 bats
  4 bat skeletons (D:2)
  4 bat zombies (D:2)
  8 giant cockroaches
  5 hobgoblins
  14 jackals
  7 quokkas
  A ball python skeleton (D:4)
  A giant cockroach zombie (D:2)
  A giant gecko skeleton (D:2)
  4 giant newts
  10 goblins
  2 jackal zombies
  19 kobolds
  2 quokka skeletons (D:4)
  6 rats
568 creatures vanquished.

Vanquished Creatures (collateral kills)
  Erica (D:10)
  2 orcs (D:10)
  2 kobolds (D:10)
5 creatures vanquished.

Vanquished Creatures (others)
  An ice dragon (Depths:1)
  2 humans (D:15)
  A centaur (Depths:1)
4 creatures vanquished.

Grand Total: 577 creatures vanquished

Action                   |  1- 3 |  4- 6 |  7- 9 | 10-12 | 13-15 || total
-------------------------+-------+-------+-------+-------+-------++-------
Melee: Dagger            |    13 |   393 |       |       |       ||   406
       Staff             |       |       |    62 |     4 |    12 ||    78
       Whip              |       |       |    35 |       |       ||    35
       Flail             |       |       |    28 |    30 |       ||    58
 Cast: Sandblast         |    28 |    45 |    47 |    29 |       ||   149
       Stone Arrow       |       |    12 |    86 |   232 |   182 ||   512
       Lee's Rapid Decon |       |       |    18 |    70 |   218 ||   306
       Animate Skeleton  |       |       |       |    11 |     3 ||    14
       Regeneration      |       |       |       |     1 |       ||     1
       Iskenderun's Batt |       |       |       |       |    13 ||    13
 Abil: Fly               |       |       |       |       |     1 ||     1
       Evoke Invisibilit |       |       |       |       |     1 ||     1
Evoke: Wand              |       |       |     4 |       |     7 ||    11
  Use: Scroll            |       |       |     6 |    22 |    10 ||    38
       Potion            |       |       |     1 |     4 |     6 ||    11
 Stab: Sleeping          |       |     4 |     1 |       |       ||     5
       Paralysed         |       |       |       |       |     4 ||     4
  Eat: Chunk             |       |    11 |    23 |    45 |    59 ||   138
       Beef jerky        |       |       |     1 |     1 |       ||     2
       Royal jelly       |       |       |     1 |     2 |       ||     3
       Fruit             |       |       |       |     3 |       ||     3
       Pizza             |       |       |       |     1 |       ||     1

Vault maps used:
D:1:      dpeg_arrival_shelter
D:2:      kennysheep_vampire_church, first_bread, ecumenical_altar_1,
          serial_undead, serial_undead_b, serial_undead_d, serial_undead_d,
          serial_undead_e, serial_undead_c, serial_undead_a, serial_undead_b,
          grunt_decor_mini_mirrors
D:3:      cheibrodos_ashenzari_chains, kennysheep_generic_room_5
D:4:      serial_shops, nicolae_shop_trees, minmay_cut_off
D:5:      slow_altar_2, lemuel_coloured_pillars_altar, grunt_dithmenos_shadows
D:6:      kennysheep_big_flooded_room, old_standard_altar, basic_altar,
          roderic_roman_lattice, uniq_duvessa
D:7:      kennysheep_little_box, makhleb_heckhound_becter, temple_green,
          lemuel_tele_altar
D:8:      dpeg_lair_monsters
D:9:      nicolae_gozag_zags_fifth_avenue, serial_shops, shop,
          hangedman_tell_no_tales
D:10:     kennysheep_orc_monster_closet_entryway, basic_altar, uniq_erolcha,
          uniq_erica, uniq_urug, uniq_sonja, uniq_joseph
D:11:     nicolae_trove_entry_path_of_doom, lab_entry_generic,
          jmf_multi_god_temple2
D:12:     minmay_tri_stars, uniq_psyche
D:13:     serial_shops, nicolae_shop_crystal, nrook_guardian_serpent_ordinary,
          uniq_josephine
D:14:     erik_vaults_2, lemuel_statue_altar
D:15:     grunt_enter_depths_snipers, minmay_strange_pillars,
          nicolae_for_you_no_charge, uniq_kirke, uniq_louise
Temple:   triangle_lava_temple_11
Depths:1: lemuel_minitomb, hell_entry, moated_statue, lemuel_old_faithful,
          uniq_norris
Lab:      labyrinth_spiral
